AoeStats
← Cordoba

Arabia

510100901Analyzed
1v1 RM · 2d ago on Sep 29, 2026· 82m 55s· 2 players
Game mode
Random Map
Map size
Tiny (2 player)
Population
200
Speed
Normal
Resources
Standard
Victory
Conquest
Starting age
Dark Age
Ending age
Imperial Age
RankedLock teamsTeams togetherTeam positionsShared explorationLock speedFull tech treeHidden civsTurbo modeCheats
Victory
Defeat
🇦🇷 Portuguese · Argentina
1211
+17
🇦🇷 Vietnamese · Argentina
1235
-17
nicolas1177
6:22 Loom
9:11 Feudal Age
9:39 Double-Bit Axe
11:50 Town Watch
12:54 Wheelbarrow
14:55 Fletching
19:08 Padded Archer Armor
22:56 Castle Age
22:04 Scale Barding Armor
22:10 Forging
21:53 Gold Mining
23:01 Bloodlines
23:02 Crossbowman
23:48 Thumb Ring
24:01 Bow Saw
24:18 Bodkin Arrow
24:44 Horse Collar
25:22 Heavy Plow
26:30 Husbandry
27:39 Hand Cart
29:16 Leather Archer Armor
29:23 Chain Barding Armor
31:25 Iron Casting
31:55 Stone Mining
32:15 Town Patrol
41:01 Imperial Age
40:02 Pikeman
40:29 Gambesons
40:30 Arson
41:59 Stone Shaft Mining
41:26 Scale Mail Armor
41:05 Capped Ram
41:09 Arbalester
41:51 Bracer
42:53 Blast Furnace
43:39 Ring Archer Armor
43:45 Plate Barding Armor
43:25 Chain Mail Armor
43:49 Ballistics
44:29 Chemistry
43:11 Treadmill Crane
43:26 Murder Holes
43:42 Masonry
45:37 Conscription
46:20 Light Cavalry
48:49 Arquebus
49:33 Siege Engineers
49:49 Elite Organ Gun
51:18 Halberdier
51:30 Onager
54:08 Architecture
57:42 Block Printing
57:48 Sanctity
58:04 Theocracy
58:47 Plate Mail Armor
68:01 Guard Tower
70:32 Crop Rotation
71:04 Two-Man Saw
74:30 Keep
74:06 Fortified Wall
75:04 Guilds
78:34 Bombard Tower
Cordoba
6:45 Loom
9:31 Feudal Age
10:53 Double-Bit Axe
13:03 Horse Collar
18:01 Fletching
21:33 Castle Age
19:48 Padded Archer Armor
21:43 Gold Mining
23:05 Wheelbarrow
22:38 Bodkin Arrow
22:05 Elite Skirmisher
23:30 Leather Archer Armor
23:32 Town Watch
23:28 Crossbowman
24:18 Heavy Plow
25:12 Bow Saw
29:17 Ballistics
29:14 Heavy Plow
29:24 Stone Mining
33:57 Imperial Age
32:29 Hand Cart
32:56 Thumb Ring
36:23 Arbalester
38:06 Chemistry
37:50 Bracer
37:47 Murder Holes
41:49 Scale Barding Armor
43:00 Chain Barding Armor
43:28 Bloodlines
46:24 Plate Barding Armor
46:00 Forging
45:55 Husbandry
45:17 Light Cavalry
49:30 Two-Man Saw
48:19 Imperial Skirmisher
51:06 Iron Casting
51:05 Ring Archer Armor
54:23 Siege Engineers
58:32 Masonry
62:45 Paper Money
64:34 Treadmill Crane
65:15 Squires
64:35 Pikeman
65:01 Arson
65:26 Scale Mail Armor
65:45 Halberdier
68:01 Chain Mail Armor
Connection lost

Rejoining the realm…

Still unreachable

The connection could not be restored.

Session expired

The server has moved on; the page needs a fresh start.